 Dungeon Crawl Stone Soup version 0.29.1-4-g47bece8355 (webtiles) character file.

Game seed: 2248250567549207030

1206 fishmans the Cleaver (level 8, 0/70 HPs)
             Began as a Minotaur Berserker on Dec 4, 2022.
             Was a Priest of Trog.
             Succumbed to a gnoll sergeant's poison
             ... on level 5 of the Dungeon.
             The game lasted 00:29:17 (5614 turns).

fishmans the Cleaver (Minotaur Berserker)           Turns: 5614, Time: 00:29:17

Health: 0/70       AC: 17    Str: 26    XL:     8   Next: 21%
Magic:  7/7        EV:  7    Int:  4    God:    Trog [***...]
Gold:   353        SH:  0    Dex: 11    Spells: 7/7 levels left

rFire   + . .      SeeInvis +   o - +0 flail (protect)
rCold   . . .      Faith    .   (no shield)
rNeg    . . .      Spirit   .   f - +0 plate armour
rPois   .          Reflect  .   (helmet restricted)
rElec   .          Harm     .   (no cloak)
rCorr   .          Rampage  .   (no gloves)
Will    .....                   p - +5 pair of boots "Efigoino" {rF+ Str+3}
Stlth   ..........              (no amulet)
HPRegen 0.21/turn               g - ring of see invisible
MPRegen 0.10/turn               (no ring)

@: lethally poisoned (0 -> -4), flying, hasted, invisible, very quick
A: horns 2, retaliatory headbutt
a: Renounce Religion, Berserk, Trog's Hand


You were on level 5 of the Dungeon.
You worshipped Trog.
Trog was most pleased with you.
You visited 1 branch of the dungeon, and saw 5 of its levels.

You collected 353 gold pieces.

Inventory:

Hand Weapons
 a - a +0 hand axe
 o - a +0 flail of protection (weapon)
 s - a +0 mace
 D - a +1 vorpal spear
 E - the +5 short sword of Wyrd {antimagic, *Noise rF+ Str+2}
   (You found it on level 5 of the Dungeon)

   It reduces the magical energy of the wielder, and disrupts the spells and
   magical abilities of those it strikes.
   Natural abilities and divine invocations are not affected.
   Str:       It affects your strength (+2).
   rF:        It protects you from fire.
   *Noise:    It may make noises in combat.
Missiles
 j - 64 stones
 r - 3 silver javelins
 t - 16 boomerangs (quivered)
 z - 4 atropa-tipped darts
Armour
 b - a +0 animal skin
 c - a +0 chain mail
 f - a +0 plate armour (worn)
 p - the +5 pair of boots "Efigoino" (worn) {rF+ Str+3}
   (You found it on level 3 of the Dungeon)

   Str:       It affects your strength (+3).
   rF:        It protects you from fire.
Jewellery
 g - a ring of see invisible (left hand)
 x - an amulet of guardian spirit
Wands
 k - a wand of quicksilver (5)
 q - a wand of charming (1)
Scrolls
 m - 2 scrolls of magic mapping
 w - a scroll of enchant armour {unknown}
 A - a scroll of teleportation {unknown}
 C - a scroll of vulnerability {unknown}
Potions
 d - a potion of invisibility
 e - a potion of degeneration
 h - a potion of resistance
 l - 2 potions of magic
 n - 2 potions of brilliance
 v - a potion of flight


   Skills:
 + Level 6.1 Fighting
 * Level 11.2 Axes
 - Level 2.4 Armour
 - Level 2.1 Dodging


You had 7 spell levels left.
You didn't know any spells.
Your spell library was empty.

Dungeon Overview and Level Annotations

Branches:
Dungeon (5/15)
 Temple: D:4-7

Altars:
Sif Muna
Vehumet

Shops:
D:1 [

Annotations:
D:3 2 transporters, mester's ghost, amateur TrCK
D:4 exclusion: statue


Innate Abilities, Weirdness & Mutations

You have a pair of horns on your head.
You reflexively headbutt those who attack you in melee.


Message History

You feel extremely sick.
The gnoll sergeant completely misses you.
The gnoll hits you but does no damage.
You feel better.
The gnoll sergeant hits you with a +1 spear of venom!
You are poisoned.
The gnoll hits you but does no damage.
You fade into invisibility!
You feel very sick. The gnoll closely misses you.
The gnoll sergeant hits you with a +1 spear of venom.
You are more poisoned.
You feel very sick.
You feel very sick.
You feel very sick.
You feel very sick.
You feel sick.
You feel sick.
The gnoll sergeant hits you but does no damage.
You are lethally poisoned!
* * * LOW HITPOINT WARNING * * *
You feel very sick.
As you read the scroll of identify, it crumbles to dust.
u - a scroll of fear
* * * LOW HITPOINT WARNING * * *
You feel sick.
As you read the scroll of fear, it crumbles to dust.
You assume a fearsome visage.
The gnoll sergeant looks frightened!
The gnoll looks frightened!
* * * LOW HITPOINT WARNING * * *
You feel very sick.
* * * LOW HITPOINT WARNING * * *
You feel sick.
It was a potion of flight.
You feel very buoyant.
You fly up into the air.
* * * LOW HITPOINT WARNING * * *
You feel sick.
It was a potion of haste.
You feel yourself speed up.
You die...

.......####.####..............##
.......##.....##...............#
.......#.......#...........##.
.......#.......#..g....#..##
.####......_......>......## .#
#..#.......#.........##
.####..#....g..#...)......## ..
.......##.....##...g.......##....
#......####.####@..........g...#
###..................#.#......##
......#................#......#
.....###.......................#
..................:...>..#.#....#
......############.......#.......
.....#####....#####.....###......
########........###.....# ######
#######..........##....##


You could see a gnoll sergeant (unable to see you, fleeing) and a gnoll (unable
to see you, fleeing).

Vanquished Creatures
  Eustachio (D:4)
  2 ogres (D:4)
  2 phantoms (D:5)
  3 gnoll sergeants (D:5)
  5 hounds
  A gnoll bouda (D:5)
  Ijyb (D:4)
  2 iguanas
  14 gnolls (D:5)
  8 adders
  2 ufetubi
  3 worms (D:3)
  A dart slug (D:2)
  7 orcs
  3 endoplasms
  7 giant cockroaches
  10 goblins
  7 hobgoblins
  5 jackals
  10 kobolds
  2 quokkas (D:4)
  4 ball pythons
  5 bats
  5 frilled lizards
  5 rats
115 creatures vanquished.

Notes
Turn   | Place    | Note
-------+----------+-------------------------------------------
     0 | D:1      | fishmans the Minotaur Berserker began the quest for the
                  | Orb.
     0 | D:1      | Reached XP level 1. HP: 19/19 MP: 0/0
    17 | D:1      | Found a faded altar of an unknown god.
   134 | D:1      | Reached skill level 4 in Axes
   248 | D:1      | Reached XP level 2. HP: 26/26 MP: 1/1
   351 | D:1      | Found Kytator's Armour Boutique.
   922 | D:1      | Reached skill level 5 in Axes
   975 | D:1      | Reached XP level 3. HP: 31/31 MP: 2/2
   996 | D:1      | Reached ** piety under Trog
  1905 | D:2      | Reached skill level 6 in Axes
  1905 | D:2      | Reached XP level 4. HP: 39/39 MP: 3/3
  2175 | D:3      | Found a transporter.
  2254 | D:3      | Noticed an ogre
  2254 | D:3      | Noticed mester's ghost (amateur TrCK)
  2254 | D:3      | Noticed an ogre
  2257 | D:3      | Noticed an ogre
  2258 | D:3      | Identified the +5 pair of boots "Efigoino" {rF+ Str+3}
  2289 | D:3      | Found a glowing drain.
  2883 | D:3      | Found a transporter.
  3299 | D:4      | Found a radiant altar of Vehumet.
  3301 | D:4      | Noticed a charred statue
  3445 | D:4      | Reached skill level 7 in Axes
  3445 | D:4      | Reached XP level 5. HP: 23/45 MP: 4/4
  3736 | D:4      | Noticed Eustachio
  3779 | D:4      | Killed Eustachio
  3780 | D:4      | Reached skill level 8 in Axes
  3780 | D:4      | Reached XP level 6. HP: 44/51 MP: 5/5
  3781 | D:4      | Noticed Ijyb
  3816 | D:4      | Killed Ijyb
  4294 | D:5      | Entered Level 5 of the Dungeon
  4321 | D:4      | Reached skill level 9 in Axes
  4337 | D:4      | Reached XP level 7. HP: 47/60 MP: 6/6
  4731 | D:5      | Reached skill level 10 in Axes
  4828 | D:5      | Reached skill level 5 in Fighting
  4835 | D:5      | Reached *** piety under Trog
  5144 | D:5      | Reached XP level 8. HP: 69/70 MP: 7/7
  5263 | D:5      | Found a shimmering blue altar of Sif Muna.
  5405 | D:5      | Reached skill level 11 in Axes
  5547 | D:5      | Identified the +5 short sword of Wyrd {antimagic, *Noise
                  | rF+ Str+2}
  5611 | D:5      | HP: 3/70 [poisoned by a gnoll sergeant]
  5613 | D:5      | HP: 1/70 [poisoned by a gnoll sergeant]
  5614 | D:5      | Succumbed to a gnoll sergeant's poison

Illustrated notes

Levels and vault maps discovered:
D:1:      lightli_iron_boxes, layout_basic, basic_ecumenical_altar,
          serial_shops, shop
D:2:      layout_basic
D:3:      layout_basic, cheibrodos_sewer_entry_bend, gammafunk_ghost_smash,
          chequers_big_river
D:4:      layout_basic, vehumet_statue, grunt_ministairs_7, uniq_ijyb,
          uniq_eustachio
D:5:      layout_cave_pools, tgw_xom, old_standard_altar, serial_gnoll_camp,
          gnoll_camp_mini_doghouse, gnoll_camp_mini_hut, gnoll_camp_medium_01,
          gnoll_camp_mini_house, gnoll_camp_huts_basic,
          gnoll_camp_mini_loothouse, hangedman_abyss_or_decor_stagger

Skill      XL: |  1  2  3  4  5  6  7  8 |
---------------+-------------------------+-----
Axes           | 4 5 6 7 8 9 10 11 | 11.2
Fighting       | 4 5 6 |  6.1
Armour         | |  2.4
Dodging        | |  2.1

Action                   |  1- 3 |  4- 6 |  7- 9 || total
-------------------------+-------+-------+-------++-------
Melee: Hand axe          |   114 |    46 |       ||   160
       Headbutt          |    14 |    22 |    19 ||    55
       Punch             |     1 |       |     1 ||     2
       Flail             |       |    82 |   103 ||   185
Throw: Boomerang         |       |     8 |       ||     8
Invok: Trog's Hand       |       |     2 |       ||     2
       Berserk           |       |     2 |       ||     2
  Use: Scroll            |     4 |     7 |     2 ||    13
       Potion            |       |       |     4 ||     4
Armor: Chain mail        |    24 |       |       ||    24
       Plate armour      |    47 |    65 |    93 ||   205
Dodge: Dodged            |    31 |    39 |    37 ||   107
